 Dungeon Crawl Stone Soup version 0.19.5 (webtiles) character file.

734 tof the Twirler (level 7, -11/55 HPs)
             Began as a Demonspawn Gladiator on Mar 7, 2017.
             Mangled by a gnoll
             ... wielding a +0 scythe
              (12 damage)
             ... on level 5 of the Dungeon.
             The game lasted 00:14:25 (6565 turns).

tof the Twirler (Demonspawn Gladiator)              Turns: 6565, Time: 00:14:26

Health: -11/55     AC:  5    Str: 15    XL:     7   Next: 45%
Magic:  7/7        EV: 13    Int: 10    God:
Gold:   233        SH:  0    Dex: 15    Spells: 0 memorised, 6 levels left

rFire  . . .     SeeInvis .     a - +0 quarterstaff
rCold  . . .     Gourm    .     B - +0 leather armour {MR+}
rNeg   . . .     Faith    .     (shield currently unavailable)
rPois  .         Spirit   .     k - +1 hat
rElec  .         Reflect  .     (no cloak)
rCorr  .         Harm     .     (no gloves)
MR     +....                    p - +0 pair of boots
Stlth  +.........               w - amulet of rage
                                (no ring)
                                (no ring)

@: no status effects
A: antennae 2, demonic guardian 1, rot immunity
a: Evoke Berserk Rage


You were on level 5 of the Dungeon.
You were not hungry.

You visited 1 branch of the dungeon, and saw 5 of its levels.

You collected 233 gold pieces.

Inventory:

Hand Weapons
 a - a +0 quarterstaff (weapon)
 b - a +0 hunting sling
Missiles
 d - 3 throwing nets
 e - 241 stones (quivered)
 l - 89 sling bullets
Armour
 c - a +0 helmet
 h - a +0 ring mail
 k - a +1 hat (worn)
 n - a +0 leather armour
 p - a +0 pair of boots (worn)
 v - a +0 chain mail
 B - a +0 leather armour of magic resistance (worn)
Jewellery
 w - an amulet of rage (around neck)
Scrolls
 g - a scroll of fear {unknown}
 i - 4 scrolls of random uselessness {unknown}
 j - a scroll of noise {unknown}
 o - a scroll of identify {unknown}
 r - 2 scrolls of remove curse {unknown}
 t - a scroll of enchant weapon {unknown}
 u - a scroll of recharging {unknown}
 y - a scroll of fog {unknown}
Potions
 m - 2 potions of haste
Books
 x - a book of Conjurations

   Spells                             Type                      Level
   a - Magic Dart                     Conjuration                  1
   b - Searing Ray                    Conjuration                  2
   c - Dazzling Spray                 Conjuration/Hexes            3
   d - Fulminant Prism                Conjuration/Hexes            4
   e - Iskenderun's Mystic Blast      Conjuration                  4
   f - Iskenderun's Battlesphere      Conjuration/Charms           5
Comestibles
 f - 2 bread rations
 q - 3 meat rations
 s - a royal jelly
 z - 2 chunks of flesh
 A - 5 fruits


   Skills:
 * Level 4.4 Fighting
 * Level 5.1 Staves
 + Level 2.0(2.5) Slings
 - Level 2.1(2.5) Throwing
 + Level 2.6 Armour
 + Level 3.8 Dodging


You had 6 spell levels left.
You didn't know any spells.

Dungeon Overview and Level Annotations

Branches:
Dungeon (5/15)
 Temple: D:4-7

Altars:
Fedhas

Annotations:
D:5 Sigmund


Innate Abilities, Weirdness & Mutations

You have a pair of antennae on your head.
A weak demonic guardian rushes to your aid.
You are immune to rotting.


Message History

a - a +0 quarterstaff (weapon)
Something hits you. The gnoll barely misses you. x2
You completely miss something. Something hits you. The gnoll misses you.
You barely miss something.
The gnoll hits you from afar with a scythe!
Something hits you but does no damage.
You thump something! The gnoll barely misses you.
The gnoll hits you from afar with a scythe!
* * * LOW HITPOINT WARNING * * *
You hit something. Something hits you but does no damage.
The gnoll barely misses you.
You sock something! The gnoll closely misses you. Something hits you!
* * * LOW HITPOINT WARNING * * *
You hit something but do no damage. The gnoll closely misses you.
The gnoll hits you from afar with a scythe.
* * * LOW HITPOINT WARNING * * *
You closely miss something. Something hits you.
* * * LOW HITPOINT WARNING * * *
The gnoll hits you from afar with a scythe!
You die... #.# #.##.# # #.## #<##.# # #.##..# #.##.# #. #.....## #.##.# ##< #..(gg# #.##.## #.# ##{##.# #.....### #.. #gg

#{# ##......#####.#
#.g
#g#####.#.......##.#
###
#g{@....###..##.##.#
#.###.#######
#..##.##.# #...).#
#......#.# #.#####
##.###..#.. #.#
<.>........ #.#
........#.. #)#
##.....>..# #.#
...####.### #.# ##.
#.#


You could see 2 gnolls.

Vanquished Creatures
  2 scorpions (D:4)
  3 hounds
  3 worker ants
  4 gnolls (D:4)
  5 adders
  An ooze (D:2)
  3 worms
  2 dart slugs
  5 leopard geckos
  2 orcs
  4 giant cockroaches
  8 goblins
  5 hobgoblins
  4 jackals (D:2)
  2 quokkas
  2 ball pythons (D:3)
  8 bats
  4 frilled lizards
  3 kobolds
  7 rats
77 creatures vanquished.

Vanquished Creatures (collateral kills)
  The ghost of Santreim the Covered, a novice HuFi of Zin (D:4)
  A scorpion (D:4)
  2 howler monkeys
  An adder (D:4)
  An adder skeleton (D:4)
  A leopard gecko (D:4)
7 creatures vanquished.

Vanquished Creatures (others)
  A jackal (D:5)
1 creature vanquished.

Grand Total: 85 creatures vanquished

Notes
Turn   | Place    | Note
-------+----------+-------------------------------------------
     0 | D:1      | tof the Demonspawn Gladiator began the quest for the Orb.
     0 | D:1      | Reached XP level 1. HP: 16/16 MP: 1/1
   524 | D:1      | Gained mutation: You have a pair of small antennae on your head. [demonic ancestry]
   524 | D:1      | Reached XP level 2. HP: 22/22 MP: 2/2
   607 | D:1      | Reached skill level 3 in Staves
   959 | D:2      | Gained mutation: A weak demonic guardian rushes to your aid. [demonic ancestry]
   959 | D:2      | Reached XP level 3. HP: 10/28 MP: 3/3
  1643 | D:2      | Reached skill level 1 in Armour
  1831 | D:2      | Gained mutation: You have a pair of antennae on your head. [demonic ancestry]
  1831 | D:2      | Reached XP level 4. HP: 27/34 MP: 4/4
  2562 | D:3      | Found a faded altar of an unknown god.
  3143 | D:3      | Gained mutation: You are immune to rotting. [demonic ancestry]
  3143 | D:3      | Reached XP level 5. HP: 36/41 MP: 5/5
  3693 | D:4      | Reached skill level 4 in Staves
  3786 | D:4      | Noticed Santreim's ghost (novice HuFi)
  4670 | D:4      | Reached XP level 6. HP: 46/47 MP: 6/6
  4717 | D:4      | Reached skill level 1 in Slings
  5699 | D:4      | Found a blossoming altar of Fedhas.
  6050 | D:4      | Killed Santreim's ghost
  6050 | D:4      | Reached skill level 5 in Staves
  6050 | D:4      | Reached XP level 7. HP: 12/55 MP: 7/7
  6296 | D:5      | Entered Level 5 of the Dungeon
  6545 | D:5      | Noticed Sigmund
  6565 | D:5      | HP: 1/55 [something (5)]
  6565 | D:5      | Mangled by a gnoll

Skill      XL: |  1  2  3  4  5  6 |
---------------+-------------------+-----
Staves         | 3 4 5 |  5.1
Armour         | 1 2 |  2.6
Dodging        | 3 |  3.8
Throwing       | 2 |  2.1
Fighting       | 3 4 |  4.4
Slings         | 2 |  2.0

Action                   |  1- 3 |  4- 6 |  7- 9 || total
-------------------------+-------+-------+-------++-------
Melee: Quarterstaff      |   102 |   188 |    21 ||   311
 Fire: Hunting sling     |       |    60 |     3 ||    63
Throw: Stone             |       |    11 |       ||    11
  Use: Potion            |     1 |     3 |     1 ||     5
 Stab: Distracted        |       |     2 |       ||     2
  Eat: Chunk             |     3 |     9 |     2 ||    14
       Bread ration      |       |     1 |       ||     1
Armor: Leather armour    |     5 |       |     1 ||     6
       Ring mail         |    35 |    28 |       ||    63
       Chain mail        |       |    55 |    11 ||    66
Dodge: Dodged            |    69 |    98 |    13 ||   180
